 Dungeon Crawl Stone Soup version 0.29-a0-397-g846e4a0bbc (webtiles) character file.

Game seed: 10185314283126398888

1853 zeratav the Geomancer (level 9, 0/51 HPs)
             Began as an Octopode Earth Elementalist on May 12, 2022.
             Was an Initiate of Vehumet.
             Slain by Duvessa
             ... wielding a +0 short sword
              (6 damage)
             ... on level 7 of the Dungeon.
             The game lasted 00:13:54 (8736 turns).

zeratav the Geomancer (Octopode Earth Elementalist) Turns: 8736, Time: 00:13:55

Health: 0/51       AC:  1    Str:  7    XL:     9   Next: 12%
Magic:  9/18       EV: 12    Int: 22    God:    Vehumet [......]
Gold:   288        SH:  3    Dex: 10    Spells: 16/20 levels left

rFire   . . .      SeeInvis .   p - +9 spear of Arrival {venom, +Blink Will+ Dex-2, polearm}
rCold   . . .      Faith    .   x - +0 buckler
rNeg    . . .      Spirit   .   (helmet restricted)
rPois   .          Reflect  .   o - amulet of regeneration {@e2}
rElec   .          Harm     .   (no ring)
rCorr   .          Rampage  .   (no ring)
Will    +....                   (no ring)
Stlth   +++.......              (no ring)
HPRegen 0.97/turn               (no ring)
MPRegen 0.16/turn               (no ring)
                                (no ring)
                                (no ring)

@: no status effects
A: almost no armour, amphibious, 8 rings, camouflage 1, gelatinous body 1,
(nimble swimmer 1), tentacles
a: Renounce Religion, Evoke Blink


You were on level 7 of the Dungeon.
You worshipped Vehumet.
Vehumet was noncommittal.
You visited 2 branches of the dungeon, and saw 8 of its levels.

You collected 386 gold pieces.
You spent 98 gold pieces at shops.


Innate Abilities, Weirdness & Mutations

You cannot wear most types of armour.
You are amphibious.
You can wear up to eight rings at the same time.
Your skin changes colour to match your surroundings (Stealth+).
Your rubbery body absorbs attacks. (AC +1, EV +1)
((You are camouflaged when in or above water. (Stealth+)))
You have tentacles for arms and can constrict up to eight enemies at once.


   Skills:
 - Level 2.0 Dodging
 - Level 2.6 Stealth
 + Level 6.3 Spellcasting
 - Level 1.0 Transmutations
 * Level 10.0 Earth Magic


You had 16 spell levels left.
You knew the following spells:

 Your Spells              Type           Power      Damage    Failure   Level
a - Sandblast             Erth           100%       2d20      1%          1
b - Stone Arrow           Conj/Erth      56%        3d10      4%          3

Your spell library contained the following spells:

 Spells                   Type           Power      Damage    Failure   Level
 Passwall                 Tmut/Erth      25%        N/A       1%          2
 Wereblood                Tmut           11%        N/A       12%         2
 Petrify                  Tmut/Erth      31%        N/A       12%         4
 Sublimation of Blood     Necr           6%         N/A       19%         2
 Frozen Ramparts          Ice            12%        1d3       34%         3
 Ice Form                 Ice/Tmut       9%         N/A       67%         4
 Summon Ice Beast         Ice/Summ       6%         N/A       75%         4
 Summon Hydra             Summ           3%         N/A       100%        7

Inventory:

Hand Weapons
 p - the +9 spear of Arrival (weapon) {venom, +Blink Will+ Dex-2, polearm}
   (You found it on level 3 of the Dungeon)

   It poisons the flesh of those it strikes.
   Dex:       It affects your dexterity (-2).
   +Blink:    It lets you blink.
   Will:      It increases your willpower.
 q - the +4 rapier of Gozag, Mashing {drain, *Slow Will+ SInv, short}
   (You found it on level 3 of the Dungeon)

   A truly terrible weapon, it drains the life of any living foe it strikes.
   SInv:      It lets you see invisible.
   *Slow:     It may slow you when you take damage.
   Will:      It increases your willpower.
Missiles
 a - 185 stones {throwing}
Armour
 x - a +0 buckler (worn)
   (You found it on level 6 of the Dungeon)
Jewellery
 o - an amulet of regeneration (around mantle) {@e2}
   (You found it on level 7 of the Dungeon)
Wands
 m - a wand of iceblast (7)
   (You took it off Ijyb on level 3 of the Dungeon)
Scrolls
 c - 2 scrolls of summoning
 e - 4 scrolls of magic mapping {!r}
 f - a scroll of silence {!r}
 h - a scroll of torment {!r}
 i - a scroll of blinking {!r}
 k - 2 scrolls of amnesia
 n - 3 scrolls of enchant armour
 r - 2 scrolls of enchant weapon
 s - 4 scrolls of fog
 v - a scroll of vulnerability {!r!r}
 w - a scroll of noise {unknown}
 y - a scroll of teleportation {unknown}
Potions
 b - a potion of magic
 d - a potion of heal wounds {@q2}
 g - 4 potions of curing {@q1}
 j - 3 potions of degeneration {unknown}
 l - 2 potions of might {unknown}
 t - 2 potions of invisibility {unknown}
 u - 2 potions of lignification {unknown}

Dungeon Overview and Level Annotations

Branches:
Dungeon (7/15)             Temple (1/1) D:6

Altars:
Ashenzari
Cheibriados
Dithmenos
Elyvilon
Fedhas
Gozag
Hepliaklqana
Kikubaaqudgha
Makhleb
Nemelex Xobeh
Okawaru
Ru
Sif Muna
Trog
Uskayaw
Vehumet
Wu Jian
Xom
Yredelemnul
Zin
The Shining One

Shops:
D:4 [([(?   D:5 !

Annotations:
D:7 Duvessa

....## .....####
.....#.#
......##
##......###
#.........##..
##...)e........
#....@..# ...#
#.......##..# ##
##.......#...#
##.
#........#..#
..###..........#
#.##..........#
#..#..........#
##...........##
###..<.......#


You could see Duvessa (berserk, fast).


Message History

a - 162 stones {throwing} (gained 25)
Things that are here:
a +0 spear {polearm}; a gnoll corpse; MP[+3]
Your mp is fully restored (18).
Things that are here:
a +0 whip {mace}; a gnoll skeleton
Things that are here:
a +0 leather armour; a +0 club {mace}; a gnoll skeleton
a - 175 stones {throwing} (gained 13) Dowan, Brother of Duvessa comes into view.
He is wielding a +0 dagger.
o - an amulet of regeneration {@e2} You start putting on your amulet.
You continue putting on your amulet of regeneration {@e2}. x5
You finish putting on your amulet of regeneration {@e2}.
The amulet throbs as it attunes itself to your uninjured body.
o - an amulet of regeneration (around mantle) {@e2} You see here 20 stones {throwing}.
Dowan is nearby!
a - 195 stones {throwing} (gained 20) Dowan shouts!
Duvessa, Sister of Dowan comes into view.
She is wielding a +0 short sword.
Unknown command.
Dowan gestures at you while chanting. The puff of flame hits you.
Duvessa shouts!
HP[-5]
You take 5 damage, and now have 46/51 hp.
The blast of sand misses Dowan.
Dowan points at Duvessa and mumbles some strange words.
Duvessa seems to speed up.
HP[+1] MP[-1]
You lost 1 mp, and now have 17/18 mp.
The blast of sand misses Dowan.
MP[-1]
You lost 1 mp, and now have 16/18 mp.
The blast of sand hits Dowan!
HP[+1] MP[-1]
You lost 1 mp, and now have 15/18 mp.
The blast of sand misses Dowan.
You block Duvessa's attack.
Dowan smirks and points a slender finger.
Dowan closely misses you. Duvessa hits you with a +0 short sword!
HP[-8] MP[-1]
You take 8 damage, and now have 40/51 hp.
You lost 1 mp, and now have 14/18 mp.
The blast of sand misses Dowan.
Dowan hits you with a +0 dagger. Duvessa hits you but does no damage.
HP[-1] MP[-1]
You take 1 damage, and now have 39/51 hp.
You lost 1 mp, and now have 13/18 mp.
The blast of sand hits Dowan!
Duvessa barely misses you. Dowan gestures at you while chanting.
The puff of frost hits you. Duvessa closely misses you.
HP[-5]
You take 5 damage, and now have 34/51 hp.
You are too injured to fight recklessly!
You are too injured to fight recklessly!
Casting: Sandblast (safe; 1% risk of failure)
Confirm with . or Enter, or press ? or * to list all spells.
Aiming: Sandblast (safe; 1% risk of failure)
Press: ? - help, Shift-Dir - straight line, f/p - Dowan
Aim: Dowan, wielding a +0 dagger and wearing a +0 robe (almost dead, 78% to hit)
The blast of sand hits Dowan!
You kill Dowan!
Vehumet accepts your kill.
Duvessa weeps, and shakes her weapon.
Duvessa goes berserk!
Duvessa hits you with a +0 short sword!
Your Earth Magic skill increases to level 10!
HP[-8] MP[-1]
You take 8 damage, and now have 26/51 hp.
You lost 1 mp, and now have 12/18 mp.
Casting: Sandblast (safe; 1% risk of failure)
Confirm with . or Enter, or press ? or * to list all spells.
Aiming: Sandblast (safe; 1% risk of failure)
Press: ? - help, Shift-Dir - straight line, f - Duvessa
Aim: Duvessa, wielding a +0 short sword and wearing a +0 leather armour (berserk, fast, 86% to hit)
The blast of sand hits Duvessa!
Duvessa hits you with a +0 short sword!
* * * LOW HITPOINT WARNING * * *
Duvessa barely misses you.
HP[-13] MP[-1]
You take 13 damage, and now have 13/51 hp.
MASSIVE DAMAGE!! (PAUSE)
You lost 1 mp, and now have 11/18 mp.
Casting: Sandblast (safe; 1% risk of failure)
Confirm with . or Enter, or press ? or * to list all spells.
Aiming: Sandblast (safe; 1% risk of failure)
Press: ? - help, Shift-Dir - straight line, f/p - Duvessa
Aim: Duvessa, wielding a +0 short sword and wearing a +0 leather armour (moderately wounded, berserk, fast, 86% to hit)
The blast of sand hits Duvessa.
Duvessa hits you with a +0 short sword!
* * * LOW HITPOINT WARNING * * *
HP[-8] MP[-1]
You take 8 damage, and now have 5/51 hp.
You lost 1 mp, and now have 10/18 mp.
Casting: Sandblast (safe; 1% risk of failure)
Confirm with . or Enter, or press ? or * to list all spells.
Aiming: Sandblast (safe; 1% risk of failure)
Press: ? - help, Shift-Dir - straight line, f/p - Duvessa
Aim: Duvessa, wielding a +0 short sword and wearing a +0 leather armour (moderately wounded, berserk, fast, 86% to hit)
The blast of sand hits Duvessa!!
Duvessa hits you with a +0 short sword.
You die...

Skill      XL: |  1  2  3  4  5  6  7  8  9 |
---------------+----------------------------+-----
Earth Magic    | 4 6 7 9 10 | 10.0
Spellcasting   | 3 4 6 |  6.3
Dodging        | |  2.0
Stealth        | |  2.6
Transmutations | |  1.0

Action                   |  1- 3 |  4- 6 |  7- 9 || total
-------------------------+-------+-------+-------++-------
Melee: Unarmed           |    14 |       |       ||    14
       Constrict         |    14 |    15 |     2 ||    31
       Tentacles         |    13 |    13 |     3 ||    29
       Punch             |     2 |     1 |       ||     3
       Dagger            |    52 |    11 |       ||    63
       Short sword       |       |    20 |       ||    20
       Spear             |       |    37 |    20 ||    57
 Cast: Sandblast         |     8 |    14 |    81 ||   103
       Stone Arrow       |       |     2 |    21 ||    23
Evoke: Wand              |       |     1 |       ||     1
  Use: Scroll            |       |       |    10 ||    10
       Potion            |       |       |     1 ||     1
 Stab: Sleeping          |    10 |     9 |       ||    19
       Distracted        |       |       |     1 ||     1
Armor: Skin              |     6 |     6 |     2 ||    14
Dodge: Dodged            |    35 |    39 |    33 ||   107
Block: Buckler           |       |       |     3 ||     3

Levels and vault maps discovered:
D:1:      kilobyte_arrival_exit_the_forest, layout_loops_corners
D:2:      layout_basic, nicolae_ecumenical_snake_handling, basic_altar,
          minmay_door_square
D:3:      layout_loops_ring, minmay_misc_feat_rows, uniq_terence, uniq_ijyb,
          uniq_grinder
D:4:      cheibrodos_old_hovel, layout_rooms, serial_shops, shop,
          nicolae_shop_hallway_plus, shop_fountains, shop, shop
D:5:      layout_basic, serial_shops, shop, minmay_fire_ice_demons
D:6:      layout_basic, minmay_temple_entry_wispy
D:7:      layout_layer_cave, nicolae_qazlal_style_of_elements,
          grunt_decor_fettered, uniq_duvessa
Temple:   mainiacjoe_temple_hex_bubbles

Notes
Turn   | Place    | Note
-------+----------+-------------------------------------------
     0 | D:1      | zeratav the Octopode Earth Elementalist began the quest for
                  | the Orb.
     0 | D:1      | Reached XP level 1. HP: 11/11 MP: 3/3
     0 | D:1      | magus.rc [v1.9.6]
   332 | D:1      | Reached XP level 2. HP: 12/17 MP: 3/5
  1499 | D:2      | Reached XP level 3. HP: 21/21 MP: 6/6
  1644 | D:2      | Reached skill level 4 in Earth Magic
  1802 | D:2      | Found a shimmering altar of Xom.
  1866 | D:2      | Found a faded altar of an unknown god.
  1893 | D:2      | Reached XP level 4. HP: 10/27 MP: 3/8
  3011 | D:3      | Noticed Terence
  3013 | D:3      | Killed Terence
  3014 | D:3      | Reached skill level 3 in Spellcasting
  3110 | D:3      | You pick up a book of Rime and begin reading...
  3110 | D:3      | You add the spells Frozen Ramparts, Ice Form and Summon Ice
                  | Beast to your library.
  3156 | D:3      | Noticed Ijyb
  3171 | D:3      | HP: 3/27 [Ijyb/+0 club (5)]
  3172 | D:3      | Killed Ijyb
  3173 | D:3      | Reached XP level 5. HP: 4/31 MP: 0/9
  3488 | D:3      | Reached skill level 5 in Earth Magic
  3671 | D:3      | Identified the +9 spear of Arrival {venom, +Blink Will+
                  | Dex-2}
  3671 | D:3      | Noticed Grinder
  3683 | D:3      | Paralysed by Grinder for 2 turns
  3688 | D:3      | Killed Grinder
  3689 | D:3      | Reached skill level 6 in Earth Magic
  3689 | D:3      | Reached XP level 6. HP: 21/36 MP: 9/11
  3865 | D:3      | Identified the +4 rapier of Gozag, Mashing {drain, *Slow
                  | Will+ SInv}
  4449 | D:4      | Found Peizxax's Weapon Shoppe.
  4478 | D:4      | Found Mice's Antique Armour Shop.
  4482 | D:4      | Reached skill level 4 in Spellcasting
  4483 | D:4      | HP: 9/36 [gnoll/+0 spear (8)]
  4500 | D:4      | HP: 8/36 [gnoll/+0 spear (3)]
  4729 | D:4      | HP: 7/36 [gnoll/+0 halberd (11)]
  4987 | D:4      | Learned a level 3 spell: Stone Arrow
  4989 | D:4      | Reached XP level 7. HP: 41/41 MP: 6/13
  5126 | D:4      | Found Sapeb's Antique Armour Emporium.
  5176 | D:4      | Reached skill level 7 in Earth Magic
  5579 | D:4      | Found Enekhem's Weapon Shoppe.
  5600 | D:4      | Found Tafybic's Magic Scroll Shoppe.
  5608 | D:4      | Bought a scroll of identify for 28 gold pieces
  5617 | D:4      | Bought a scroll of identify for 28 gold pieces
  5641 | D:5      | Entered Level 5 of the Dungeon
  5917 | D:5      | Found Bixeci's Distillery.
  5924 | D:5      | Bought a potion of curing for 42 gold pieces
  6493 | D:5      | Reached XP level 8. HP: 46/46 MP: 12/15
  6568 | D:5      | Reached skill level 5 in Spellcasting
  6737 | D:5      | Reached skill level 8 in Earth Magic
  6930 | D:6      | HP: 11/46 [poisoned by an orc]
  6934 | D:5      | HP: 5/46 [poisoned by an orc]
  7544 | D:6      | Reached skill level 9 in Earth Magic
  7723 | D:6      | You pick up a book of Blood and begin reading...
  7723 | D:6      | You add the spells Sublimation of Blood, Wereblood and
                  | Summon Hydra to your library.
  7810 | D:6      | Reached skill level 6 in Spellcasting
  7941 | D:6      | Found a staircase to the Ecumenical Temple.
  8089 | Temple   | Entered the Ecumenical Temple
  8333 | Temple   | Became a worshipper of Vehumet
  8361 | D:7      | HP: 6/46 [gnoll/+0 whip[a gnoll shaman] (10)]
  8366 | D:6      | Reached XP level 9. HP: 7/51 MP: 9/18
  8692 | D:7      | Noticed Dowan
  8724 | D:7      | Noticed Duvessa
  8733 | D:7      | Killed Dowan
  8734 | D:7      | Reached skill level 10 in Earth Magic
  8735 | D:7      | HP: 5/51 [Duvessa/+0 short sword (9)]
  8736 | D:7      | Slain by Duvessa

Vanquished Creatures
  Grinder (D:3)
  A sky beast (D:7)
  An ice beast (D:5)
  2 ogres
  2 necrophages (D:6)
  2 scorpions
  3 wights (D:6)
  Dowan (D:7)
  A howler monkey (D:6)
  A crimson imp (D:5)
  3 jellies
  2 orc priests (D:6)
  A hound (D:6)
  A gnoll shaman (D:7)
  Ijyb (D:3)
  Terence (D:3)
  5 iguanas
  3 orc wizards
  13 gnolls
  10 adders
  A shadow imp (D:6)
  3 white imps
  An ufetubus (D:3)
  4 worms
  A dart slug (D:2)
  13 orcs
  8 ball pythons
  4 endoplasms
  6 giant cockroaches
  6 goblins
  5 hobgoblins
  5 kobolds
  4 quokkas
  5 bats
  2 frilled lizards
  8 rats
131 creatures vanquished.

Vanquished Creatures (others)
  2 plants (D:4)
2 creatures vanquished.

Grand Total: 133 creatures vanquished

Table legend:
 A = Non-vault XP
 B = Vault XP
 C = Vault XP percentage of total XP
 D = Non-vault monster count
 E = Vault monster count
 F = Vault count percentage of total count
                 A         B        C        D         E       F
            +---------+---------+-------+---------+---------+-------
      Total |    2176 |     472 |  17.8 |     121 |      10 |   7.6
            +---------+---------+-------+---------+---------+-------
        D:1 |      31 |       0 |   0.0 |      19 |       0 |   0.0
        D:2 |      62 |      18 |  22.5 |      18 |       3 |  14.3
        D:3 |      88 |     330 |  78.9 |      20 |       3 |  13.0
        D:4 |     330 |       2 |   0.6 |      20 |       1 |   4.8
        D:5 |     419 |      56 |  11.8 |      10 |       2 |  16.7
        D:6 |    1005 |       0 |   0.0 |      29 |       0 |   0.0
        D:7 |     241 |      66 |  21.5 |       5 |       1 |  16.7
            +---------+---------+-------+---------+---------+-------

Illustrated notes

Table legend:
 A = Kills in this place as a percentage of kills in entire the game.
 B = Kills by you in this place as a percentage of kills by you in the entire game.
 C = Kills by friends in this place as a percentage of kills by friends in the entire game.
 D = Other kills in this place as a percentage of other kills in the entire game.
 E = Experience gained in this place as a percentage of experience gained in the entire game.
 F = Experience gained in this place divided by the number of levels of this place that you have seen.
                   A       B       C       D       E      F
               +-------+-------+-------+-------+-------+----------------------
         Total | 100.0 | 100.0 |   N/A |   N/A | 100.0 | 331.0
       Dungeon | 100.0 | 100.0 |   N/A |   N/A | 100.0 | 378.3
               +-------+-------+-------+-------+-------+----------------------

Table legend: (Time is in decaauts)
 A = Elapsed time spent in this place.
 B = Non-inter-level travel time spent in this place.
 C = Inter-level travel time spent in this place.
 D = Time resting spent in this place.
 E = Time spent auto-exploring this place.
 F = Levels seen in this place.
 G = Mean time per level.
                   A        B        C        D        E       F      G
               +--------+--------+--------+--------+--------+-----+--------+
         Total |   8744 |   8407 |    337 |   1451 |   6055 |   8 | 1093.0 |
       Dungeon |   8489 |   8200 |    289 |   1451 |   5861 |   7 | 1212.7 |
        Temple |    254 |    206 |     48 |      0 |    194 |   1 |  254.0 |
               +--------+--------+--------+--------+--------+-----+--------+

Top non-repeatable levels by time:
     D:3: 1908 daAuts
     D:2: 1632 daAuts
     D:5: 1562 daAuts
     D:1: 1373 daAuts
     D:6: 1162 daAuts
     D:4: 732 daAuts
  Temple: 254 daAuts
     D:7: 117 daAuts
